 Dungeon Crawl Stone Soup version 0.31-a0-931-g7b59d4eb97 (webtiles) character file.

Game seed: 5623611671558956500

1124 Ekaitz the Firebug (level 8, 0/57 HPs)
             Began as a Demonspawn Fire Elementalist on Oct 19, 2023.
             Was a Follower of Sif Muna.
             Slain by a black bear (2 damage)
             ... on level 4 of the Dungeon.
             The game lasted 00:09:45 (4089 turns).

Ekaitz the Firebug (Demonspawn Fire Elementalist)   Turns: 4089, Time: 00:09:45

Health: 0/57       AC:  2    Str: 10    XL:     8   Next: 13%
Magic:  5/13       EV: 12    Int: 20    God:    Sif Muna [*.....]
Gold:   95         SH:  0    Dex: 13    Spells: 5/14 levels left

rFire   . . .        d - staff of conjuration
rCold   . . .        (no shield)
rNeg    . . .        a - +0 robe
rPois   .            (no helmet)
rElec   .            (no cloak)
rCorr   .            (gloves unavailable)
SInv    .            (no boots)
Will    .....        (no amulet)
Stlth   ++           (no ring)
HPRegen 0.29/turn    (no ring)
MPRegen 0.13/turn

%: no passive effects
@: very slightly contaminated
A: foul stench 2, big brain 1, demonic touch 3
a: Renounce Religion, Channel Magic


You were on level 4 of the Dungeon.
You worshipped Sif Muna.
Sif Muna was aware of your devotion.
You visited 1 branch of the dungeon, and saw 5 of its levels.
You also visited: Sewer.

You collected 171 gold pieces.
You spent 76 gold pieces at shops.

Inventory:

Hand Weapons
 c - a +0 dagger
Missiles
 f - 4 poisoned darts
Armour
 a - a +0 robe (worn)
Magical Staves
 d - a staff of conjuration (weapon)
Scrolls
 b - 2 scrolls of revelation {unknown}
 e - 2 scrolls of teleportation {unknown}
 g - 6 scrolls of identify {unknown}
 k - 2 scrolls of noise {unknown}
 o - 2 scrolls of summoning {unknown}
 p - a scroll of immolation {unknown}
 r - 2 scrolls of fear {unknown}
 t - 2 scrolls of amnesia {unknown}
 w - 3 scrolls of enchant weapon {unknown}
Potions
 h - a potion of resistance {unknown}
 i - a potion of enlightenment {unknown}
 j - 2 potions of mutation {unknown}
 l - 2 potions of curing {unknown}
 m - a potion of brilliance {unknown}
 n - a potion of lignification {unknown}
 s - a potion of invisibility {unknown}
 u - a potion of attraction {unknown}
 v - a potion of cancellation {unknown}
 x - a potion of might {unknown}
 z - a potion of magic
 A - a potion of heal wounds {unknown}


   Skills:
 * Level 2.9 Fighting
 + Level 0.1 Staves
 + Level 2.0 Dodging
 + Level 2.8 Stealth
 + Level 3.8 Spellcasting
 * Level 3.6 Conjurations
 * Level 1.9 Hexes
 * Level 2.2 Translocations
 * Level 5.1 Fire Magic
 * Level 2.1 Invocations
 * Level 2.6 Evocations


You had 5 spell levels left.
You knew the following spells:

 Your Spells              Type           Power      Damage    Failure   Level
a - Foxfire               Conj/Fire      100%       2x1d9     2%          1
b - Scorch                Fire           48%        2d7       2%          2
c - Volatile Blastmotes   Fire/Tloc      36%        2d13      9%          3
i - Inner Flame           Hex/Fire       17%        N/A       10%         3

Your spell library contained the following spells:

 Spells                   Type           Power      Damage    Failure   Level
 Flame Wave               Conj/Fire      31%        2d9       22%         4


Dungeon Overview and Level Annotations

Branches:
Dungeon (5/15)              Sewer (visited)
 Temple: D:4-7

Altars:
Gozag
Okawaru
Sif Muna
Vehumet

Shops:
D:3 *

Annotations:
D:5 Edmund


Innate Abilities, Weirdness & Mutations

You sometimes emit foul miasma when damaged in melee.
You have an unusually large brain. (Int +2)
Your touch may irresistibly damage your foes and sap their willpower.


Message History

The black bear's fire resistance burns away.
The adder bites you.
You are poisoned.
The adder poisons you! The black bear bites you! The black bear claws you.
The black bear barely misses you.
You hit the black bear but do no damage.
The black bear is moderately wounded.
You feel sick. The adder bites you but does no damage.
The black bear bites you. The black bear claws you.
The black bear claws you but does no damage.
You barely miss the black bear.
The black bear is moderately wounded.
You feel sick. The adder bites you but does no damage.
The black bear bites you! The black bear closely misses you.
The black bear claws you. The adder bites you but does no damage.
Unknown command.
Casting: Scorch (safe; 2% risk of failure)
Confirm with . or Enter, or press ? or * to list all spells.
Flames lash the black bear.
The black bear is burned terribly!
The black bear is severely wounded.
You feel sick. The adder closely misses you.
The black bear goes berserk!
Unknown command.
Casting: Scorch (safe; 2% risk of failure)
Confirm with . or Enter, or press ? or * to list all spells.
Flames lash the adder.
The adder is moderately wounded.
The adder's fire resistance burns away.
You feel sick.
You are no longer poisoned.
The black bear bites you.
* * * LOW HITPOINT WARNING * * *
The black bear claws you.
* * * LOW HITPOINT WARNING * * *
The black bear claws you.
* * * LOW HITPOINT WARNING * * *
The adder bites you.
* * * LOW HITPOINT WARNING * * *
The black bear bites you.
* * * LOW HITPOINT WARNING * * *
The black bear claws you.
You die...

#.......####.#...###....
#####.......# ##.#..## #....
###...........###.....## #...[
###...####..........#....###...[
##...### #.......#####.#..###[..
...###########.#..#####.##.>.)...
............##.#.##..........###.
..##~~~~~##.##.#h##........#.###.
..##≈~÷≈~##.####@S.........#..##.
..≈≈....~≈~.# ####........##....
..~~.....≈~.# #........#####.
.........~~.# #........# #.
..~~...~.~~.# #.....)..# #.
..≈~.....~~.# #........# #.
..##~~.~~##.# #........# #.
..##~~.~~##.# #........# #.
....~.......# ########## ##


You could see a black bear (berserk, combustible) and an adder (combustible).

Vanquished Creatures
  Sigmund (D:2)
  A wyvern (D:5)
  An ogre (D:5)
  A phantom (D:5)
  2 bullfrogs (Sewer)
  A scorpion (D:4)
  A howler monkey (D:4)
  A jelly (D:4)
  An orc priest (D:3)
  An iguana (D:5)
  4 orc wizards
  6 gnolls
  8 adders
  3 river rats
  3 worms
  8 orcs
  18 ball pythons
  3 bats
  7 endoplasms
  4 giant cockroaches
  3 goblins
  5 hobgoblins
  4 quokkas
  4 frilled lizards
  4 kobolds
  27 rats
122 creatures vanquished.

Vanquished Creatures (others)
  307 foxfires
307 creatures vanquished.

Grand Total: 429 creatures vanquished

Notes
Turn   | Place    | Note
-------+----------+-------------------------------------------
     0 | D:1      | Ekaitz the Demonspawn Fire Elementalist began the quest for
                  | the Orb.
     0 | D:1      | Reached XP level 1. HP: 13/13 MP: 3/3
   448 | D:1      | Gained mutation: You may rarely emit foul miasma when
                  | damaged in melee. [demonic ancestry]
   448 | D:1      | Reached XP level 2. HP: 20/20 MP: 1/5
   451 | D:1      | Learned a level 2 spell: Scorch
   621 | D:1      | Reached skill level 3 in Fire Magic
  1113 | D:2      | Noticed Sigmund
  1125 | D:2      | Killed Sigmund
  1126 | D:2      | Reached skill level 1 in Fighting
  1126 | D:2      | Reached skill level 4 in Fire Magic
  1126 | D:2      | Reached skill level 1 in Evocations
  1126 | D:2      | Gained mutation: You sometimes emit foul miasma when
                  | damaged in melee. [demonic ancestry]
  1126 | D:2      | Reached XP level 3. HP: 25/26 MP: 3/6
  1126 | D:2      | Gained mutation: You have an unusually large brain. (Int
                  | +2) [demonic ancestry]
  1126 | D:2      | Reached XP level 4. HP: 30/32 MP: 3/7
  1126 | D:2      | Gained mutation: Your touch may inflict minor irresistible
                  | damage on your foes. [demonic ancestry]
  1126 | D:2      | Reached XP level 5. HP: 35/37 MP: 3/8
  1132 | D:2      | Learned a level 3 spell: Volatile Blastmotes
  1136 | D:2      | Learned a level 3 spell: Inner Flame
  1834 | D:3      | Found Uwnon's Assorted Antiques.
  1874 | D:3      | Bought a scroll labelled ZAKLOA VUISSI for 19 gold pieces
  1874 | D:3      | Bought a scroll labelled ZAKLOA VUISSI for 19 gold pieces
  1874 | D:3      | Bought a scroll labelled ZIPSOBOUSM for 19 gold pieces
  1874 | D:3      | Bought a scroll labelled ZAKLOA VUISSI for 19 gold pieces
  2240 | D:3      | Gained mutation: Your touch may inflict irresistible damage
                  | on your foes. [demonic ancestry]
  2240 | D:3      | Reached XP level 6. HP: 44/44 MP: 4/10
  2663 | D:4      | Found an opulent altar of Gozag.
  2675 | D:4      | Found a shimmering blue altar of Sif Muna.
  2679 | D:4      | Became a worshipper of Sif Muna the Loreminder
  2762 | D:4      | Reached skill level 1 in Hexes
  2762 | D:4      | Reached skill level 1 in Translocations
  2823 | D:4      | Found a glowing drain.
  2863 | Sewer    | Entered a sewer
  3111 | Sewer    | Reached skill level 1 in Invocations
  3286 | Sewer    | Reached XP level 7. HP: 50/50 MP: 8/11
  3339 | Sewer    | Reached * piety under Sif Muna
  3854 | D:4      | Found an iron altar of Okawaru.
  3868 | D:4      | Found a radiant altar of Vehumet.
  3912 | D:5      | Entered Level 5 of the Dungeon
  3913 | D:5      | Noticed a wyvern
  3918 | D:5      | Killed a wyvern
  3974 | D:5      | Reached skill level 5 in Fire Magic
  3974 | D:5      | Gained mutation: Your touch may irresistibly damage your
                  | foes and sap their willpower. [demonic ancestry]
  3974 | D:5      | Reached XP level 8. HP: 57/57 MP: 3/13
  3977 | D:5      | Noticed Edmund
  4089 | D:4      | HP: 2/57 [black bear (5)]
  4089 | D:4      | Slain by a black bear

Illustrated notes

Levels and vault maps discovered:
D:1:      psy_arrival_whirlpool, layout_basic
D:2:      layout_rooms, uniq_sigmund
D:3:      layout_basic, serial_shops, shop, hangedman_decor_points
D:4:      layout_rooms, nicolae_overflow_quartered_altars,
          cheibrodos_sewer_entry_sluice
D:5:      layout_rooms, uniq_prince_ribbit1, uniq_edmund, uniq_ijyb

Skill      XL: |  1  2  3  4  5  6  7 |
---------------+----------------------+-----
Fire Magic     | 4 5 |  5.1
Fighting       | 1 2 |  2.9
Stealth        | 2 |  2.8
Conjurations   | 2 3 |  3.6
Evocations     | 1 2 |  2.6
Dodging        | 2 |  2.0
Hexes          | 1 |  1.9
Translocations | 1 2 |  2.2
Spellcasting   | 3 |  3.8
Invocations    | 1 2 |  2.1
Staves         | |  0.1

Action                     |  1- 3 |  4- 6 |  7- 9 || total
---------------------------+-------+-------+-------++-------
  Melee: Staff             |     1 |    17 |     4 ||    22
         Dagger            |       |     6 |       ||     6
         Touch             |       |     4 |     1 ||     5
   Cast: Foxfire           |    34 |   100 |    33 ||   167
         Scorch            |     2 |    20 |     9 ||    31
         Inner Flame       |       |     2 |     1 ||     3
         Volatile Blastmot |       |       |     1 ||     1
    Use: Potion            |     1 |       |       ||     1
   Stab: Sleeping          |       |     1 |       ||     1
 Armour: Robe              |     5 |    20 |    26 ||    51
  Dodge: Dodged            |     2 |    19 |     6 ||    27

Table legend: (Time is in decaauts)
 A = Elapsed time spent in this place.
 B = Non-inter-level travel time spent in this place.
 C = Inter-level travel time spent in this place.
 D = Time resting spent in this place.
 E = Time spent auto-exploring this place.
 F = Levels seen in this place.
 G = Mean time per level.
                   A        B        C        D        E       F      G
               +--------+--------+--------+--------+--------+-----+--------+
         Total |   4143 |   3997 |    146 |    238 |   2949 |   6 |  690.5 |
       Dungeon |   3412 |   3266 |    146 |    224 |   2414 |   5 |  682.4 |
         Sewer |    730 |    730 |      0 |     14 |    534 |   1 |  730.0 |
               +--------+--------+--------+--------+--------+-----+--------+

Top non-repeatable levels by time:
     D:1: 987 daAuts
     D:3: 909 daAuts
     D:4: 768 daAuts
   Sewer: 730 daAuts
     D:2: 715 daAuts
     D:5: 32 daAuts
